 Dungeon Crawl Stone Soup version 0.26.1-11-gd32895ea62 (webtiles) character file.

Game seed: 8827979031768256364

3929 ubername the Carver (level 10, -9/136 HPs)
             Began as a Minotaur Berserker on June 22, 2021.
             Was a High Priest of Trog.
             Mangled by a chaos spawn (14 damage)
             ... on level 9 of the Dungeon.
             The game lasted 00:14:07 (7797 turns).

ubername the Carver (Minotaur Berserker)            Turns: 7797, Time: 00:14:08

Health: -9/136     AC:  5    Str: 26    XL:     10   Next: 1%
Magic:  9/9        EV: 19    Int:  8    God:    Trog [*****.]
Gold:   293        SH:  5    Dex: 11    Spells: 9/9 levels left

rFire    x . .     SeeInvis .   l - +0 falchion (vorpal)
rCold    . . .     Faith    .   (no shield)
rNeg     . . .     Spirit   .   a - +1 leather armour "Ubbojih" {rF- Regen+ Str+2 Int+4}
rPois    .         Reflect  +   (helmet restricted)
rElec    .         Harm     .   (no cloak)
rCorr    .         Rampage  .   (no gloves)
Will     .....                  (no boots)
Stlth    ..........             p - amulet of reflection
HPRegen  0.72/turn              (no ring)
MPRegen  0.11/turn              (no ring)

@: mighty, agile, berserking, lethally poisoned (-9 -> -10), very quick
A: retaliatory headbutt, horns 2
a: Renounce Religion, Berserk, Trog's Hand, Brothers in Arms


You were on level 9 of the Dungeon.
You worshipped Trog.
Trog was extremely pleased with you.
You visited 1 branch of the dungeon, and saw 10 of its levels.

You collected 293 gold pieces.

Inventory:

Hand Weapons
 h - a +2 dagger of speed
 l - a +0 vorpal falchion (weapon)
 s - a +2 whip of freezing
 u - a cursed -2 quarterstaff
Missiles
 k - 23 poisoned darts
 q - 7 silver javelins (quivered)
Armour
 a - the +1 leather armour "Ubbojih" (worn) {rF- Regen+ Str+2 Int+4}
   (You found it on level 6 of the Dungeon)

   It affects your strength (+2).
   It affects your intelligence (+4).
   It makes you vulnerable to fire.
   It increases your rate of regeneration.
 d - a +0 ring mail
 v - a +3 ring mail of cold resistance
Jewellery
 p - an amulet of reflection (around neck)
 y - an uncursed amulet of the acrobat {unknown}
Wands
 g - a wand of acid (7)
 j - a wand of paralysis (8)
 o - a wand of iceblast (4)
 t - a wand of disintegration (11)
Scrolls
 b - 4 scrolls of identify
 e - 3 scrolls of remove curse
 i - 4 scrolls of blinking
 n - 6 scrolls of immolation
 x - a scroll of teleportation
Potions
 c - 4 potions of curing
 f - 3 potions of heal wounds
 m - a potion of brilliance
 r - 2 potions of mutation {unknown}
 z - a potion of lignification {unknown}


   Skills:
 + Level 9.1 Fighting
 + Level 11.0 Long Blades
 + Level 8.1 Armour
 + Level 6.0 Dodging
 + Level 2.7 Stealth
 + Level 1.6 Shields


You had 9 spell levels left.
You didn't know any spells.
Your spell library was empty.

Dungeon Overview and Level Annotations

Branches:
Dungeon (10/15)            Temple (0/1) D:7
   Lair: D:8-11         Orc: D:9-12

Altars:
Xom


Innate Abilities, Weirdness & Mutations

You reflexively headbutt those who attack you in melee.
You have a pair of horns on your head.


Message History

Your Dodging skill increases to level 6!
You have reached level 10!
You are too berserk!
You are too berserk!
You are too berserk!
You hit the chaos spawn.
The chaos spawn is lightly wounded.
You miss the chaos spawn. Your headbutt misses the chaos spawn.
The chaos spawn is lightly wounded.
You feel sick.
The chaos spawn is engulfed in seething chaos.
The chaos spawn seems to grow stronger.
You block the chaos spawn's attack.
You hit the chaos spawn.
The chaos spawn is moderately wounded.
You hit the chaos spawn but do no damage.
The chaos spawn is moderately wounded.
The chaos spawn is engulfed in seething chaos.
The chaos spawn ululates chillingly with its many mouths.
The chaos spawn hits you!
You die...

##+ #// ..
##.####
#.....###
########..$.....
#....@4F...(.#
#.######B....#
#.....# #.....#
#.....# #....B#
#.....# ###.###


You could see a chaos spawn (strong), a bullfrog and a worker ant.

Vanquished Creatures
  Pikel (D:4)
  Sigmund (D:4)
  2 chaos spawn
  Menkaure (D:4)
  A water moccasin (D:5)
  An ice beast (D:7)
  3 orc warriors
  2 sky beasts
  A necrophage (D:7)
  2 centaurs
  2 phantoms
  An ogre (D:6)
  3 bullfrogs
  A gnoll sergeant (D:6)
  3 scorpions
  3 hounds
  5 jellies
  4 orc priests
  A gnoll shaman (D:6)
  A bullfrog skeleton (D:5)
  Jessica (D:2)
  Natasha (thrice) (D:2)
  7 orc wizards
  2 worker ants
  Robin (D:4)
  34 gnolls (D:6)
  9 adders
  A shadow imp (D:5)
  4 white imps
  3 ufetubi
  2 dart slugs
  3 leopard geckos
  12 orcs
  9 bats
  4 giant cockroaches
  15 goblins
  6 hobgoblins
  30 jackals
  2 quokkas
  A ball python (D:2)
  5 frilled lizards
  11 kobolds
  A leopard gecko zombie (D:6)
  12 rats
217 creatures vanquished.

Vanquished Creatures (collateral kills)
  An ogre (D:7)
1 creature vanquished.

Grand Total: 218 creatures vanquished

Notes
Turn   | Place    | Note
-------+----------+-------------------------------------------
     0 | D:1      | ubername the Minotaur Berserker began the quest for the
                  | Orb.
     0 | D:1      | Reached XP level 1. HP: 19/19 MP: 0/0
   132 | D:1      | Reached skill level 4 in Long Blades
   132 | D:1      | Reached XP level 2. HP: 22/27 MP: 1/1
   625 | D:1      | Reached XP level 3. HP: 29/34 MP: 2/2
   912 | D:2      | Reached ** piety under Trog
   963 | D:2      | Noticed Natasha
   978 | D:2      | Killed Natasha
   979 | D:2      | Reached XP level 4. HP: 33/41 MP: 3/3
  1580 | D:2      | Noticed Natasha
  1585 | D:2      | Killed Natasha
  1586 | D:2      | Reached skill level 5 in Fighting
  1632 | D:2      | Reached skill level 5 in Long Blades
  1697 | D:2      | Noticed Natasha
  1705 | D:2      | Killed Natasha
  1706 | D:2      | Reached XP level 5. HP: 48/48 MP: 4/4
  1746 | D:2      | Noticed Jessica
  1749 | D:2      | Killed Jessica
  2558 | D:3      | Noticed a phantom
  2593 | D:3      | Killed a phantom
  2594 | D:3      | Reached skill level 6 in Long Blades
  2594 | D:3      | Reached XP level 6. HP: 40/56 MP: 5/5
  2805 | D:3      | Reached *** piety under Trog
  3276 | D:4      | Reached skill level 1 in Stealth
  3445 | D:4      | Noticed Sigmund
  3462 | D:4      | Killed Sigmund
  3463 | D:4      | Reached skill level 7 in Long Blades
  3463 | D:4      | Reached XP level 7. HP: 62/62 MP: 6/6
  3498 | D:4      | Noticed Menkaure
  3504 | D:4      | Killed Menkaure
  3521 | D:4      | Noticed Robin
  3533 | D:4      | HP: 3/63 [goblin/+0 club[Robin] (5)]
  3538 | D:5      | Entered Level 5 of the Dungeon
  3543 | D:5      | HP: 4/94 [bullfrog (3)]
  3934 | D:4      | Killed Robin
  3935 | D:4      | Reached skill level 5 in Armour
  4339 | D:4      | Reached skill level 8 in Long Blades
  4339 | D:4      | Reached XP level 8. HP: 66/71 MP: 7/7
  4882 | D:5      | Noticed Pikel
  4893 | D:4      | Killed Pikel
  4893 | D:4      | Reached **** piety under Trog
  4894 | D:4      | Reached skill level 9 in Long Blades
  5563 | D:6      | Reached XP level 9. HP: 74/79 MP: 8/8
  5656 | D:6      | Got a scorched leather armour
  5868 | D:6      | Identified the +1 leather armour "Ubbojih" {rF- Regen+
                  | Str+2 Int+4} (You found it on level 6 of the Dungeon)
  6110 | D:6      | Reached skill level 10 in Long Blades
  6114 | D:6      | Reached skill level 5 in Dodging
  6204 | D:6      | Reached ***** piety under Trog
  7145 | D:7      | Found a staircase to the Ecumenical Temple.
  7310 | D:7      | Reached skill level 1 in Shields
  7775 | D:8      | You fall into a shaft and drop 2 floors!
  7775 | D:10     | Entered Level 10 of the Dungeon
  7775 | D:10     | Found a shimmering altar of Xom.
  7775 | D:10     | Found the +7 mace of Variability {chain chaos}
  7785 | D:9      | Reached skill level 11 in Long Blades
  7792 | D:9      | HP: 3/121 [chaos spawn (9)]
  7794 | D:9      | Reached XP level 10. HP: 4/91 MP: 9/9
  7797 | D:9      | Mangled by a chaos spawn

Illustrated notes

Levels and vault maps discovered:
D:1:      erik_arrival_orb_chamber, layout_loops_ring, minivault_23
D:2:      layout_loops_ring, uniq_natasha, uniq_jessica
D:3:      layout_basic
D:4:      layout_basic, uniq_sigmund, uniq_robin, uniq_menkaure
D:5:      layout_cave_pools, uniq_pikel
D:6:      lemuel_castle_with_subvaults [lemuel_castle_interior_carwin_2],
          layout_cave_pools, serial_rivers, chequers_serial_rivers_micro_d,
          chequers_serial_rivers_small_3, chequers_serial_rivers_room_a,
          chequers_serial_rivers_small_3, chequers_serial_rivers_micro_a
D:7:      layout_basic, minmay_temple_entry_waves, serial_rivers,
          chequers_serial_rivers_small_3, chequers_serial_rivers_marsh,
          chequers_serial_rivers_micro_e, chequers_serial_rivers_small_b
D:8:      minmay_chambers_of_sixes, layout_cave_pools,
          nicolae_dithmenos_through_a_glass_darkly, uniq_grum
D:9:      layout_roguey, minmay_orc_entry_guard_dogs, serial_shops,
          nicolae_shop_temple_entry_statues_fountains, uniq_maggie
D:10:     layout_loops_ring, basic_altar, minmay_guarded_unrand_variability,
          uniq_fannar

Skill      XL: |  1  2  3  4  5  6  7  8  9 |
---------------+----------------------------+-----
Long Blades    | 4 5 6 7 8 9 11 | 11.0
Fighting       | 4 5 6 7 9 |  9.1
Dodging        | 3 4 6 |  6.0
Armour         | 4 5 7 8 |  8.1
Stealth        | 1 2 |  2.7
Shields        | 1 |  1.6

Action                   |  1- 3 |  4- 6 |  7- 9 | 10-12 || total
-------------------------+-------+-------+-------+-------++-------
Melee: Falchion          |    64 |   127 |   283 |     4 ||   478
       Headbutt          |     8 |    17 |    66 |       ||    91
Invok: Berserk           |     2 |     6 |    12 |       ||    20
       Brothers in Arms  |       |       |     1 |       ||     1
  Use: Potion            |       |     5 |     7 |       ||    12
       Scroll            |       |     4 |     7 |       ||    11
 Stab: Sleeping          |       |     1 |     2 |       ||     3
Armor: Animal skin       |    12 |     1 |       |       ||    13
       Ring mail         |       |    23 |    49 |       ||    72
       Leather armour    |       |       |    25 |       ||    25
Dodge: Dodged            |    39 |    80 |   186 |       ||   305
Block: Other             |       |       |    13 |     1 ||    14
       Reflection        |       |       |     1 |       ||     1
       Rpst.: Falchion   |     6 |    26 |    55 |       ||    87
